Map: Kairos Junction LE

Players

Rainbowly

  • Race: Protoss Protoss
  • League: Platinum
  • Spawn Location: 11:00

Descending - Winner!

  • Race: Zerg Zerg
  • League: Platinum
  • Spawn Location: 5:00

VOD

Have the link to the VOD?

Description

Time

  • Played on: Aug. 11, 2019, 10:38 p.m.
  • Length: 11:14
Show
View Real Time Build Order
Export as new Build Order

Rainbowly Protoss 

Build Orders: 1 Gate Expand, Chargelot Immortal 

Get SALT Encoding   

  12  0:01  Probe  
  13  0:13  Probe  
  14  0:19  Pylon  
  14  0:25  Probe  
  15  0:37  Probe  
  15  0:40  Gateway  
  16  0:49  Assimilator  
  16  0:50  Probe  
  17  1:02  Probe  
  18  1:14  Probe  
  19  1:33  Cybernetics Core  
  19  1:38  Nexus  
  19  1:45  Pylon  
  19  1:51  Probe  
  20  2:00  Adept  
  20  2:04  Probe  
  21  2:10  Warp Gate  
  23  2:17  Probe  
  23  2:19  Assimilator  
  24  2:29  Probe, Stalker  
  27  2:41  Robotics Facility  
  27  2:48  Probe  
  27  2:51  Probe  
  29  2:59  Zealot  
  31  3:19  Probe  
  30  3:22  Probe  
  30  3:26  Gateway  
  31  3:27  Pylon  
  31  3:31  Probe  
  31  3:32  Gateway  
  32  3:34  Probe  
  32  3:38  Shield Battery  
  33  3:43  Probe  
  34  3:49  Twilight Council  
  34  3:52  Observer  
  35  3:59  Stalker  
  35  4:00  Charge  
  37  4:08  Probe  
  37  4:09  Probe  
  39  4:13  Immortal  
  43  4:17  Gateway  
  43  4:26  Zealot  
  45  4:32  Stalker  
  45  4:35  Zealot  
  49  4:40  Probe x2  
  51  5:02  Pylon, Zealot  
  51  5:03  Pylon  
  53  5:11  Immortal  
  53  5:18  Probe  
  53  5:20  Probe  
  59  5:22  Zealot x3  
  59  5:23  Zealot  
  67  5:30  Probe  
  67  5:32  Probe  
  69  5:42  Probe  
  70  5:50  Pylon, Assimilator  
  70  5:51  Pylon  
  70  5:53  Pylon  
  70  5:58  Immortal  
  70  6:08  Probe x2  
  70  6:09  Sentry x3  
  70  6:10  Sentry  
  84  6:30  Gateway  
  84  6:32  Gateway  
  84  6:33  Zealot x2  
  84  6:34  Zealot x2  
  84  6:35  Assimilator  
  84  6:36  Observer  
  93  6:57  Pylon  
  93  6:59  Pylon  
  93  7:09  Warp Prism  
  93  7:13  Nexus  
  93  7:15  Pylon  
  93  7:16  Pylon  
  95  7:25  Forge  
  95  7:26  Forge  
  63  7:55  Zealot x3  
  63  7:56  Zealot x3  
  65  8:33  Zealot x2  
  65  8:34  Zealot x4  
  65  8:47  Probe x3  
  65  8:48  Immortal  
  64  8:54  Gateway  
  64  8:55  Zealot x2  
  64  8:56  Zealot x4  
  64  8:57  Gateway  
  64  8:59  Probe, Gateway  
  64  9:00  Gateway  
  64  9:01  Protoss Ground Weapons Level 1, Protoss Ground Armor Level 1  
  81  9:06  Probe x2  
  83  9:11  Assimilator  
  83  9:16  Zealot  
  83  9:17  Zealot x2  
  89  9:34  Probe x2  
  89  9:35  Probe  
  84  9:40  Zealot x5  
  62  9:58  Zealot x3  
  62  9:59  Zealot x2  
  61  10:00  Immortal  
  61  10:01  Zealot  
  61  10:13  Zealot  
  47  10:24  Probe x2  
  47  10:25  Probe  
  47  10:27  Zealot x2  
  51  10:35  Zealot  
  53  10:37  Zealot  
  54  10:49  Zealot x2  
  58  10:58  Zealot x2  
Show
View Real Time Build Order
Export as new Build Order

Descending Zerg - Winner!

Build Orders: Hatch First 

Get SALT Encoding   

  12  0:07  Overlord  
  12  0:18  Drone  
  13  0:24  Drone  
  14  0:33  Drone x2  
  16  0:53  Hatchery  
  16  0:55  Drone  
  16  0:58  Drone  
  16  1:02  Drone  
  18  1:12  Extractor  
  18  1:18  Spawning Pool  
  16  1:22  Drone  
  16  1:24  Drone  
  18  1:34  Drone  
  19  1:45  Drone  
  20  1:57  Drone  
  21  2:05  Overlord  
  21  2:08  Queen x2  
  21  2:11  Drone  
  26  2:16  Zergling x2  
  26  2:18  Zergling x2  
  28  2:27  Drone  
  29  2:30  Drone  
  30  2:42  Drone x2  
  32  2:47  Lair  
  32  2:49  Queen  
  34  2:51  Overlord  
  34  2:54  Drone  
  33  3:08  Drone x2  
  33  3:12  Drone x2  
  37  3:16  Evolution Chamber  
  37  3:18  Overlord, Roach Warren  
  35  3:28  Drone x3  
  38  3:36  Drone, Evolution Chamber  
  38  3:40  Overlord  
  38  3:43  Zerg Missile Weapons Level 1  
  38  3:46  Extractor  
  38  3:47  Extractor, Drone  
  37  3:49  Drone  
  38  4:00  Drone  
  38  4:01  Drone x4  
  43  4:04  Glial Reconstitution  
  43  4:08  Roach  
  45  4:11  Roach  
  45  4:13  Drone  
  45  4:15  Drone  
  49  4:17  Drone  
  50  4:30  Roach x4  
  58  4:32  Overlord  
  58  4:44  Hatchery  
  57  4:48  Queen  
  57  4:51  Overlord  
  59  5:09  Zerg Ground Armor Level 1  
  59  5:10  Overlord  
  59  5:12  Drone x2  
  59  5:13  Drone  
  63  5:14  Drone  
  63  5:16  Drone  
  63  5:20  Overseer  
  64  5:27  Roach x4  
  72  5:29  Overlord x2  
  72  5:42  Overlord x3  
  72  5:47  Extractor  
  71  5:52  Zerg Missile Weapons Level 2  
  71  5:53  Overlord  
  71  5:54  Overlord x2  
  71  5:58  Drone x3  
  74  6:07  Queen  
  76  6:22  Roach x4  
  76  6:23  Roach x4  
  92  6:29  Overseer  
  92  6:36  Roach x5  
  102  6:41  Drone  
  102  6:42  Drone x2  
  105  6:55  Ravager x2  
  105  6:59  Ravager  
  108  7:11  Drone x2  
  108  7:12  Drone x3  
  108  7:13  Roach  
  108  7:14  Roach x4  
  123  7:26  Overlord x3  
  123  7:27  Roach x3  
  119  7:40  Hatchery  
  119  7:41  Roach x6  
  106  7:54  Roach x6  
  108  8:11  Roach  
  108  8:12  Roach x5  
  105  8:28  Roach x4  
  113  8:38  Roach  
  113  8:39  Roach x2  
  111  8:45  Ravager x4  
  111  8:47  Roach  
  115  8:55  Queen  
  117  9:01  Hydralisk Den  
  116  9:05  Infestation Pit  
  116  9:08  Roach  
  117  9:25  Extractor, Drone x3  
  117  9:26  Extractor, Drone x9  
  127  9:32  Roach x3  
  127  9:33  Roach x3  
  106  9:53  Roach x12  
  106  9:54  Roach x2  
  132  10:07  Roach x5  
  132  10:13  Roach  
  132  10:14  Roach x3  
  141  10:26  Roach x3  
  141  10:27  Roach x2  
  151  10:32  Roach  
  151  10:33  Roach x2  
  157  10:48  Roach  
  157  10:49  Roach x4  
  167  11:08  Ravager x3  
Tags
 
Add a new tag
Caveats
  • Supply blocks, unpowered buildings, or Contaminate may cause inaccurate times.
  • Supply counts are checked every 10 seconds.